 Dungeon Crawl Stone Soup version 0.28.0-43-g3370ac3207 (webtiles) character file.

Game seed: 3041508138526164846

3129 smarlow the Covert (level 9, 0/44 HPs)
             Began as a Vine Stalker Enchanter on Mar 16, 2022.
             Was a Believer of Wu Jian.
             Succumbed to a killer bee's poison
             ... on level 7 of the Dungeon.
             The game lasted 00:23:21 (9198 turns).

smarlow the Covert (Vine Stalker Enchanter)         Turns: 9198, Time: 00:23:21

Health: 0/44       AC:  7    Str: 11    XL:     9   Next: 92%
Magic:  3/19       EV: 18    Int: 15    God:    Wu Jian [**....]
Gold:   171        SH:  0    Dex: 19    Spells: 9/20 levels left

rFire   . . .      SeeInvis .   d - +3 short sword
rCold   . . .      Faith    .   (no shield)
rNeg    . . .      Spirit   +   b - +0 robe
rPois   .          Reflect  .   (no helmet)
rElec   .          Harm     .   (no cloak)
rCorr   .          Rampage  .   y - +0 pair of gloves
Will    +....                   (no boots)
Stlth   ++++......              (no amulet)
HPRegen 0.94/turn               g - +4 ring of protection
MPRegen 0.16/turn               q - +4 ring of evasion

@: mighty, lethally poisoned (0 -> -4)
A: fangs 3, regeneration 1, magic shield, antimagic bite, no potion heal 2
a: Renounce Religion, Wall Jump


You were on level 7 of the Dungeon.
You worshipped Wu Jian.
Wu Jian was pleased with you.
You visited 1 branch of the dungeon, and saw 8 of its levels.

You collected 340 gold pieces.
You spent 169 gold pieces at shops.

Inventory:

Hand Weapons
 a - a +1 dagger of protection
 d - a +3 short sword (weapon)
Armour
 b - a +0 robe (worn)
 k - a +2 tower shield of fire resistance
 y - a +0 pair of gloves (worn)
Jewellery
 g - a +4 ring of protection (left hand)
 h - the ring of Oleip {Fire rPois}
   (You found it on level 2 of the Dungeon)

   [ring of fire]

   It enhances your fire magic.
   rF:        It protects you from fire.
   rC:        It makes you vulnerable to cold.
   rPois:     It protects you from poison.
 i - a ring of flight
 q - a +4 ring of evasion (right hand)
 u - a ring of willpower
Wands
 c - a wand of flame (9)
 l - a wand of mindburst (20)
 n - a wand of paralysis (2)
Scrolls
 f - a scroll of immolation
 j - 2 scrolls of enchant weapon
 m - 2 scrolls of teleportation
 r - a scroll of fear
 s - 2 scrolls of vulnerability
 w - a scroll of enchant armour
 A - a scroll of blinking {unknown}
 D - a scroll of acquirement {unknown}
 F - a scroll of identify
Potions
 e - 3 potions of curing {unknown}
 o - a potion of might
 p - 4 potions of flight {unknown}
 x - a potion of haste
 z - a potion of attraction
 B - a potion of heal wounds {unknown}
 C - a potion of resistance {unknown}
 E - a potion of cancellation {unknown}


   Skills:
 + Level 3.5 Fighting
 + Level 3.7 Short Blades
 + Level 3.9 Dodging
 * Level 8.5 Stealth
 + Level 3.2 Shields
 * Level 6.2 Spellcasting
 + Level 5.1 Hexes
 + Level 3.8 Ice Magic
 + Level 3.0 Air Magic


You had 9 spell levels left.
You knew the following spells:

 Your Spells              Type           Power      Damage    Failure   Level
a - Ensorcelled Hibernat  Hex/Ice        36%        N/A       3%          2
b - Confusing Touch       Hex            20%        N/A       5%          3
c - Tukima's Dance        Hex            20%        N/A       5%          3
d - Swiftness             Air            13%        N/A       12%         3

Your spell library contained the following spells:

 Spells                   Type           Power      Damage    Failure   Level
 Shock                    Conj/Air       36%        1d5       8%          1
 Dazzling Flash           Conj/Hex       24%        N/A       16%         3
 Airstrike                Air            6%         N/A       38%         4


Dungeon Overview and Level Annotations

Branches:
Dungeon (8/15)             Temple (0/1) D:7            Lair (0/6) D:8

Altars:
Qazlal
Sif Muna
Wu Jian

Shops:
D:5 :!


Innate Abilities, Weirdness & Mutations

You have razor-sharp teeth.
Your natural rate of healing is unusually fast.
When hurt, damage is shared between your health and your magic reserves.
Your bite disrupts and absorbs the magic of your enemies.
Potions cannot restore your health.


Message History

Your +4 spear falls from the air.
The killer bee misses you. The killer bee stings you.
* * * LOW HITPOINT WARNING * * *
You are more poisoned.
The killer bee poisons you!
The killer bee stings you but does no damage.
The killer bee barely misses you.
You climb upwards.
* * * LOW HITPOINT WARNING * * *
You feel very sick.
There is a stone staircase leading down here.
Okay, then.
Aiming: Ensorcelled Hibernation (safe; 3% risk of failure)
Press: ? - help, Q - select action, (/) - cycle Shift-Dir - straight line, f - killer bee
Aim: a killer bee (moderately wounded, chance to confuse on hit: 62%, chance to affect: 60%)
The killer bee resists with significant effort.
* * * LOW HITPOINT WARNING * * *
You feel very sick. The killer bee misses you.
The killer bee barely misses you.
Aiming: Ensorcelled Hibernation (safe; 3% risk of failure)
Press: ? - help, Q - select action, (/) - cycle Shift-Dir - straight line, f/p - killer bee
Aim: a killer bee (moderately wounded, chance to confuse on hit: 62%, chance to affect: 60%)
The killer bee looks drowsy...
You feel sick.
The helpless killer bee fails to defend itself.
You hit the killer bee but do no damage.
The killer bee appears confused.
The killer bee is moderately wounded.
* * * LOW HITPOINT WARNING * * *
You feel sick.
It was a potion of might.
You feel very mighty all of a sudden.
You feel sick. The killer bee stings you.
* * * LOW HITPOINT WARNING * * *
You are lethally poisoned!
The killer bee poisons you!
You puncture the killer bee! You bite the killer bee.
You kill the killer bee!
The Council accepts your kill.
You die...

#.......# #.........##.#
#.......# #........<##.#
#.......# #.........+..#
#.......# #.........####
#.......##### #.........######
#...........# #########.......
#####.......### ####.####
..............#### #≈ #.#
...............[@### #≈≈#.# ##
...##.............[# #≈≈#.# ≈#
#####..............# #≈≈#.#≈≈#
≈≈# #..............# #≈≈#.#≈≈#
### #..............######≈≈#.#≈≈#
#.......##.#.##.....#≈≈#.#≈≈#
#......(##...##.....#≈≈#.#≈≈#
#####.......###.........#≈≈#.#≈≈#
....#.......###..##.....#≈≈#.#≈≈#


There were no monsters in sight!

Vanquished Creatures
  A troll (D:7)
  Eustachio (D:6)
  Edmund (D:6)
  A water moccasin (D:7)
  An orc warrior (D:8)
  2 ice beasts
  A necrophage (D:6)
  An ogre (D:5)
  2 phantoms (D:5)
  3 wolves
  A centaur (D:5)
  2 bullfrogs (D:6)
  4 scorpions
  4 killer bees (D:7)
  A wight (D:8)
  A howler monkey (D:5)
  A centaur zombie (D:4)
  2 orc priests
  8 hounds
  3 jellies
  2 centaur skeletons (D:6)
  2 bullfrog skeletons
  Ijyb (D:4)
  5 iguanas
  Natasha (twice) (D:2)
  A howler monkey zombie (D:5)
  A gnoll (D:1)
  2 howler monkey skeletons
  7 adders
  A shadow imp (D:7)
  2 white imps
  An adder skeleton (D:4)
  A worm (D:4)
  A dart slug (D:1)
  10 orcs
  5 ball pythons
  6 endoplasms
  6 giant cockroaches
  4 hobgoblins
  7 jackals
  8 kobolds
  4 quokkas
  5 bats
  A frilled lizard (D:1)
  7 goblins
  2 rats (D:3)
135 creatures vanquished.

Vanquished Creatures (collateral kills)
  3 wights
  A kobold (D:8)
4 creatures vanquished.

Vanquished Creatures (others)
  3 dancing weapons
3 creatures vanquished.

Grand Total: 142 creatures vanquished

Notes
Turn   | Place    | Note
-------+----------+-------------------------------------------
     0 | D:1      | smarlow the Vine Stalker Enchanter began the quest for the
                  | Orb.
     0 | D:1      | Reached XP level 1. HP: 9/9 MP: 4/4
    69 | D:1      | Reached skill level 1 in Short Blades
   291 | D:1      | Reached XP level 2. HP: 13/13 MP: 6/6
   656 | D:1      | Reached XP level 3. HP: 17/17 MP: 7/7
   659 | D:1      | Learned a level 2 spell: Ensorcelled Hibernation
   663 | D:1      | Learned a level 3 spell: Confusing Touch
   888 | D:1      | Reached skill level 4 in Stealth
  1428 | D:2      | Identified the ring of Oleip {Fire rPois}
  1769 | D:2      | Noticed Natasha
  1771 | D:2      | Killed Natasha
  1772 | D:2      | Gained mutation: Your natural rate of healing is unusually
                  | fast. [Vine Stalker growth]
  1772 | D:2      | Reached XP level 4. HP: 21/21 MP: 7/9
  1843 | D:2      | Reached skill level 1 in Fighting
  2163 | D:2      | You fall into a shaft and drop 1 floor!
  2452 | D:3      | Found a shimmering blue altar of Sif Muna.
  2453 | D:3      | Found a stormy altar of Qazlal.
  2454 | D:3      | Found an ornate altar of the Wu Jian Council.
  2459 | D:3      | Became a worshipper of the Wu Jian Council
  2474 | D:3      | Reached XP level 5. HP: 6/25 MP: 1/10
  2785 | D:3      | Found a faded altar of an unknown god.
  2965 | D:2      | Noticed Natasha
  2971 | D:2      | Killed Natasha
  3163 | D:4      | Noticed Ijyb
  3179 | D:4      | Killed Ijyb
  3180 | D:4      | Reached skill level 1 in Ice Magic
  3351 | D:4      | Reached XP level 6. HP: 30/30 MP: 8/12
  3357 | D:4      | Reached skill level 5 in Stealth
  3984 | D:4      | Reached skill level 1 in Shields
  4019 | D:4      | Reached * piety under Wu Jian
  4315 | D:5      | Entered Level 5 of the Dungeon
  4336 | D:5      | Reached XP level 7. HP: 22/34 MP: 1/13
  4825 | D:5      | Learned a level 3 spell: Tukima's Dance
  4829 | D:5      | Learned a level 3 spell: Swiftness
  4832 | D:5      | Found Dipesa's Distillery.
  4835 | D:5      | Bought a potion of haste for 130 gold pieces
  4835 | D:5      | Bought a potion of attraction for 39 gold pieces
  4935 | D:5      | Reached skill level 6 in Stealth
  5094 | D:5      | Gained mutation: You have razor-sharp teeth. [Vine Stalker
                  | growth]
  5094 | D:5      | Reached XP level 8. HP: 39/39 MP: 12/15
  5218 | D:5      | Reached skill level 1 in Air Magic
  5298 | D:5      | Found Qostricy's Book Boutique.
  5979 | D:6      | Noticed Eustachio
  5992 | D:6      | Killed Eustachio
  5993 | D:6      | Reached skill level 5 in Spellcasting
  6119 | D:6      | Reached skill level 7 in Stealth
  6227 | D:6      | Noticed Edmund
  6493 | D:6      | Reached ** piety under Wu Jian
  6494 | D:6      | Reached XP level 9. HP: 43/43 MP: 16/18
  6683 | D:6      | Killed Edmund
  7022 | D:7      | Found a staircase to the Ecumenical Temple.
  7805 | D:8      | Noticed a troll
  7845 | D:7      | Killed a troll
  7846 | D:7      | Reached skill level 8 in Stealth
  8154 | D:7      | Reached skill level 5 in Hexes
  9196 | D:7      | HP: 2/44 [poisoned by a killer bee]
  9198 | D:7      | Succumbed to a killer bee's poison

Illustrated notes

Levels and vault maps discovered:
D:1:      scummos_arrival_simple_fountains, layout_basic, grunt_decor_resistance
D:2:      layout_basic, serial_bayou_pond_e, uniq_natasha
D:3:      layout_basic, minitemple, chequers_ecumenical_altar_simple_redux
D:4:      layout_loops_cross, minmay_between, uniq_ijyb
D:5:      layout_rooms, serial_co_window_serial, co_window_paths_b,
          co_window_corner_a, co_window_corner_a, co_window_corner_a,
          co_window_paths_a, co_window_corner_b, co_window_broadway_a,
          co_window_of_opportunity_b, co_window_corner_b, co_window_2corner,
          co_window_of_opportunity_c, co_window_4corner_b, co_window_4corner_a,
          glass_columns_a, glass_columns_a, serial_shops, kennysheep_mini,
          minmay_misc_feat_roman, kennysheep_small_square
D:6:      layout_loops_ring, st_stairs_12, uniq_edmund, uniq_eustachio
D:7:      layout_basic, minmay_temple_entry_mist, serial_aquarium,
          aquarium_bridge_long_separate [aquarium_subvault_wall,
          aquarium_subvault_wall, aquarium_subvault_bridge,
          aquarium_subvault_bridge, aquarium_subvault_balcony,
          aquarium_subvault_bridge], aquarium_bridge_island_small
          [aquarium_subvault_small_water, aquarium_subvault_balcony,
          aquarium_subvault_bridge, aquarium_subvault_bridge,
          aquarium_subvault_balcony], aquarium_window_1,
          aquarium_window_corridor_2, aquarium_window_fake, aquarium_view_2d,
          aquarium_pool_2
D:8:      layout_cave_pools, nemelex_spade_bored_becter, erik_lair_island,
          uniq_gastronok

Skill      XL: |  1  2  3  4  5  6  7  8  9 |
---------------+----------------------------+-----
Short Blades   | 1 2 3 |  3.7
Stealth        | 4 5 6 7 8 |  8.5
Dodging        | 2 3 |  3.9
Fighting       | 1 2 3 |  3.5
Spellcasting   | 3 4 5 6 |  6.2
Ice Magic      | 1 2 3 |  3.8
Shields        | 1 2 3 |  3.2
Hexes          | 4 5 |  5.1
Air Magic      | 2 3 |  3.0

Action                   |  1- 3 |  4- 6 |  7- 9 || total
-------------------------+-------+-------+-------++-------
Melee: Dagger            |    75 |   107 |   144 ||   326
       Bite              |    11 |    19 |    53 ||    83
       Punch             |     1 |     1 |     3 ||     5
       Long sword        |       |       |     6 ||     6
       Short sword       |       |       |    16 ||    16
 Cast: Ensorcelled Hiber |     5 |    38 |    63 ||   106
       Confusing Touch   |       |     2 |    12 ||    14
       Tukima's Dance    |       |       |    13 ||    13
Invok: Lunge             |       |    20 |    30 ||    50
       Whirlwind         |       |       |     7 ||     7
  Use: Potion            |       |     1 |     1 ||     2
       Scroll            |       |       |    13 ||    13
 Stab: Sleeping          |    11 |    33 |    42 ||    86
       Invisible         |       |     3 |       ||     3
       Confused          |       |     1 |     9 ||    10
       Distracted        |       |       |     1 ||     1
Armor: Robe              |     8 |    39 |    41 ||    88
Dodge: Dodged            |    29 |    76 |   130 ||   235
